[Event "January 9 Early 2024"]
[Site "https://www.chess.com"]
[Date "2024.01.11"]
[Round "2"]
[White "Dushyant Sharma"]
[Black "Tharushi, T H D Niklesha"]
[Result "1-0"]
[Board "16"]
[TimeControl "180+1"]
[WhiteFideId "25065130"]
[BlackFideId "9918264"]
[WhiteElo "2499"]
[BlackElo "2253"]
[WhiteTeam "IND"]
[BlackTeam "SRI"]
[WhiteClock "0:02:00"]
[BlackClock "0:00:49"]

1. e4 c5 2. Nf3 d6 3. d4 cxd4 4. Nxd4 Nf6 5. Nc3 g6 6. f4 Nc6 7. Nf3 Bg7 8. Bd3 Bg4 9. O-O O-O 10. Kh1 Qc7 11. Qe1 e5 12. Bd2 a6 13. Qh4 Bxf3 14. Rxf3 Nd4 15. Rh3 h5 16. fxe5 dxe5 17. Bg5 Ng4 18. Nd5 Qd6 19. Ne7+ Kh7 20. Qxg4 Bh6 21. Qh4 Bxg5 22. Qxg5 f6 23. Qxg6+ 1-0

[Event "January 9 Early 2024"]
[Site "https://www.chess.com"]
[Date "2024.01.11"]
[Round "2"]
[White "Chemin, Justo Reinaldo"]
[Black "Martinez Pla, Xavier"]
[Result "1-0"]
[Board "17"]
[TimeControl "180+1"]
[WhiteFideId "2101580"]
[BlackFideId "32074271"]
[WhiteElo "2229"]
[BlackElo "2466"]
[WhiteTeam "BRA"]
[BlackTeam "ESP"]
[WhiteClock "0:01:40"]
[BlackClock "0:01:05"]

1. d4 Nf6 2. Nf3 e6 3. Bf4 c5 4. e3 d5 5. c3 Bd6 6. Bg3 O-O 7. Nbd2 b6 8. Bd3 Ba6 9. Bxa6 Nxa6 10. Ne5 Qc7 11. Qe2 Nb8 12. f4 Nc6 13. O-O Rac8 14. Qf3 Ne7 15. Bh4 cxd4 16. exd4 Ng6 17. Bxf6 gxf6 18. Ng4 Bxf4 19. Nxf6+ Kg7 20. Nh5+ Kh8 21. Nxf4 Rg8 22. Nh5 f5 23. g3 Rce8 24. Rae1 Qf7 25. Nf4 Nxf4 26. Qxf4 Rg4 27. Qxg4 1-0

[Event "January 9 Early 2024"]
[Site "https://www.chess.com"]
[Date "2024.01.11"]
[Round "2"]
[White "Materia, Marco"]
[Black "Filipovic, Slobodan J"]
[Result "1-0"]
[Board "18"]
[TimeControl "180+1"]
[WhiteFideId "45150451"]
[BlackFideId "939633"]
[WhiteElo "2821"]
[BlackElo "2408"]
[WhiteTeam "FRA"]
[BlackTeam "SRB"]
[WhiteClock "0:01:42"]
[BlackClock "0:01:23"]

1. Nf3 c5 2. c4 Nc6 3. Nc3 g6 4. e3 Bg7 5. d4 Nf6 6. d5 Na5 7. Be2 d6 8. O-O O-O 9. Bd2 e5 10. Qc2 a6 11. Rac1 Bd7 12. e4 Nh5 13. Bg5 f6 14. Be3 Nf4 15. Bxf4 exf4 16. a3 b6 17. b4 Nb7 18. Qd2 g5 19. h3 h6 20. Nh2 f5 21. exf5 Bxf5 22. Bg4 Bg6 23. Rfe1 Qf6 24. Re6 Qf7 25. Rxd6 Nxd6 26. Be6 Nxc4 27. Qe2 Ne5 28. bxc5 bxc5 29. Ne4 Qxe6 30. dxe6 c4 31. Ng4 Nd3 32. Rxc4 Nb2 33. Rc7 f3 34. Rxg7+ Kxg7 35. Qxb2+ Kh7 36. Nef6+ 1-0

[Event "January 9 Early 2024"]
[Site "https://www.chess.com"]
[Date "2024.01.11"]
[Round "2"]
[White "Kanyamarala, Tarun"]
[Black "Sofronie, Claudia-Ramona"]
[Result "1-0"]
[Board "19"]
[TimeControl "180+1"]
[WhiteFideId "45004714"]
[BlackFideId "1205722"]
[WhiteElo "2507"]
[BlackElo "2264"]
[WhiteTeam "IRL"]
[BlackTeam "ROU"]
[WhiteClock "0:01:39"]
[BlackClock "0:01:12"]

1. e4 c5 2. Nf3 Nc6 3. c3 Nf6 4. e5 Nd5 5. Bc4 Nb6 6. Bb3 c4 7. Bc2 d6 8. exd6 Qxd6 9. O-O e6 10. b3 cxb3 11. axb3 Be7 12. Ba3 Qd8 13. d4 O-O 14. Re1 Bxa3 15. Nxa3 Bd7 16. Nb5 a6 17. Nd6 Rb8 18. h4 h6 19. Qd3 f5 20. Ne5 Qc7 21. Ndc4 Nxc4 22. bxc4 Nxe5 23. Rxe5 Rbd8 24. Rae1 Rfe8 25. Bb3 Qc6 26. c5 Bc8 27. Rxf5 Kh8 28. Rfe5 a5 29. Bc2 1-0

[Event "January 9 Early 2024"]
[Site "https://www.chess.com"]
[Date "2024.01.11"]
[Round "2"]
[White "Ismagilov, Damir"]
[Black "Costachi, Mihnea"]
[Result "0-1"]
[Board "20"]
[TimeControl "180+1"]
[WhiteFideId "34199982"]
[BlackFideId "1217518"]
[WhiteElo "2561"]
[BlackElo "2858"]
[WhiteTeam "RUS"]
[BlackTeam "ROU"]
[WhiteClock "0:01:30"]
[BlackClock "0:01:34"]

1. d4 Nf6 2. Bf4 e6 3. e3 b6 4. Nd2 Bb7 5. Ngf3 g6 6. h3 Bg7 7. Bd3 O-O 8. O-O d6 9. c3 Nbd7 10. Bh2 Qe7 11. Qe2 a5 12. e4 e5 13. Rfe1 Nh5 14. dxe5 dxe5 15. Qe3 Rad8 16. Rad1 Nc5 17. Nc4 Nxd3 18. Rxd3 Rxd3 19. Qxd3 Ba6 20. b3 Rd8 21. Qc2 Bxc4 22. bxc4 Qd6 23. g4 Nf4 24. Bxf4 exf4 25. Re2 Qd1+ 26. Kg2 Qxc2 27. Rxc2 Rd3 28. c5 Bxc3 29. cxb6 cxb6 30. Rc1 b5 31. Ne1 Bxe1 32. Rxe1 Ra3 33. Re2 f3+ 34. Kf1 fxe2+ 35. Kxe2 Rxa2+ 36. Ke3 a4 37. Kf4 Rxf2+ 38. Kg5 Kg7 0-1

[Event "January 9 Early 2024"]
[Site "https://www.chess.com"]
[Date "2024.01.11"]
[Round "2"]
[White "Bharath Subramaniyam H"]
[Black "Gatterer, Florian"]
[Result "1-0"]
[Board "21"]
[TimeControl "180+1"]
[WhiteFideId "46634827"]
[BlackFideId "811688"]
[WhiteElo "2952"]
[BlackElo "2423"]
[WhiteTeam "IND"]
[BlackTeam "ITA"]
[WhiteClock "0:02:27"]
[BlackClock "0:01:00"]

1. b3 e5 2. Bb2 Nc6 3. c4 Nge7 4. e3 d5 5. cxd5 Nxd5 6. a3 Be6 7. Qc2 a6 8. Nf3 f6 9. d4 exd4 10. Nxd4 Nxd4 11. Bxd4 Bd6 12. Bd3 g6 13. O-O Qe7 14. Nd2 c5 15. Bb2 b6 16. Ne4 O-O 17. Rad1 b5 18. Nxd6 Qxd6 19. Bxg6 hxg6 20. Qxg6+ Kh8 21. e4 Qf4 22. exd5 Bg4 23. Rd3 1-0

[Event "January 9 Early 2024"]
[Site "https://www.chess.com"]
[Date "2024.01.11"]
[Round "2"]
[White "Kollars, Dmitrij"]
[Black "Goryachkina, Aleksandra"]
[Result "0-1"]
[Board "22"]
[TimeControl "180+1"]
[WhiteFideId "12909572"]
[BlackFideId "4147103"]
[WhiteElo "2989"]
[BlackElo "2664"]
[WhiteTeam "GER"]
[BlackTeam "FID"]
[WhiteClock "0:01:18"]
[BlackClock "0:01:11"]

1. e4 c5 2. Nf3 e6 3. c3 d5 4. exd5 Qxd5 5. d4 Nf6 6. Na3 Nc6 7. Nb5 Qd8 8. dxc5 Bxc5 9. Qxd8+ Kxd8 10. b4 Bb6 11. a4 a6 12. Nd6 Ke7 13. Nc4 Bc7 14. b5 axb5 15. Ba3+ b4 16. cxb4 Rxa4 17. b5+ Nb4 18. Nb2 Rxa3 19. Rxa3 Nc2+ 20. Kd2 Nxa3 21. Kc3 Bd7 22. b6 Bxb6 23. Kb4 Nc2+ 24. Kc3 Rc8+ 25. Bc4 Na3 0-1

[Event "January 9 Early 2024"]
[Site "https://www.chess.com"]
[Date "2024.01.11"]
[Round "2"]
[White "Csonka, Balazs"]
[Black "Khouri, Ahmed Abbas"]
[Result "1-0"]
[Board "23"]
[TimeControl "180+1"]
[WhiteFideId "742910"]
[BlackFideId "9301518"]
[WhiteElo "2709"]
[BlackElo "2221"]
[WhiteTeam "HUN"]
[BlackTeam "UAE"]
[WhiteClock "0:01:01"]
[BlackClock "0:01:22"]

1. d4 Nf6 2. Nf3 g6 3. c4 c5 4. Nc3 Bg7 5. e4 cxd4 6. Nxd4 O-O 7. Be2 d6 8. O-O Nc6 9. Be3 Nd7 10. Qd2 f5 11. Ne6 Qe8 12. Nxg7 Kxg7 13. Bh6+ Kg8 14. Nd5 Qf7 15. Bxf8 Qxf8 16. exf5 Qxf5 17. Bd3 Qh5 18. f4 Nc5 19. Rae1 Nxd3 20. Qxd3 Bf5 21. Qc3 Kf7 22. Rxe7+ 1-0

[Event "January 9 Early 2024"]
[Site "https://www.chess.com"]
[Date "2024.01.11"]
[Round "2"]
[White "Dahlgren, James Allen"]
[Black "Topalov, Aleksandar"]
[Result "0-1"]
[Board "24"]
[TimeControl "180+1"]
[WhiteFideId "22256873"]
[BlackFideId "925659"]
[WhiteElo "2092"]
[BlackElo "2443"]
[WhiteTeam "ESP"]
[BlackTeam "SRB"]
[WhiteClock "0:00:59"]
[BlackClock "0:01:30"]

1. e3 Nf6 2. c4 g6 3. Nc3 Bg7 4. d4 O-O 5. Nf3 c5 6. Bd3 d6 7. O-O Nc6 8. d5 Na5 9. e4 a6 10. a4 Bg4 11. h3 Bxf3 12. Qxf3 Nd7 13. Bd2 Nb3 14. Rad1 Ne5 15. Qe2 Nd4 16. Qe3 Rb8 17. f4 Nxd3 18. Qxd3 b5 19. cxb5 axb5 20. axb5 Qd7 21. Kh1 Nxb5 22. Rf2 Nd4 23. Be3 Rb3 24. Qc4 Rfb8 25. Bc1 Qa7 26. Ne2 R8b4 27. Nxd4 Rxc4 0-1

[Event "January 9 Early 2024"]
[Site "https://www.chess.com"]
[Date "2024.01.11"]
[Round "2"]
[White "Gutierrez Olivares, Daniel"]
[Black "Michalski, Olaf"]
[Result "1-0"]
[Board "25"]
[TimeControl "180+1"]
[WhiteFideId "2264005"]
[BlackFideId "1106740"]
[WhiteElo "2463"]
[BlackElo "2160"]
[WhiteTeam "ESP"]
[BlackTeam "POL"]
[WhiteClock "0:01:22"]
[BlackClock "0:00:46"]

1. Nf3 d6 2. c4 e5 3. g3 f5 4. Bg2 Nf6 5. d4 e4 6. Ng5 Be7 7. h4 c6 8. Nc3 O-O 9. b4 h6 10. Nh3 Be6 11. d5 Bf7 12. Nf4 a5 13. b5 c5 14. Bh3 g5 15. hxg5 hxg5 16. Ne6 Bxe6 17. dxe6 g4 18. Qd2 Qe8 19. Qg5+ 1-0

[Event "January 9 Early 2024"]
[Site "https://www.chess.com"]
[Date "2024.01.11"]
[Round "2"]
[White "Evdokimov, Alexey"]
[Black "Garriga Cazorla, Pere"]
[Result "0-1"]
[Board "26"]
[TimeControl "180+1"]
[WhiteFideId "24162450"]
[BlackFideId "32011601"]
[WhiteElo "2399"]
[BlackElo "2695"]
[WhiteTeam "RUS"]
[BlackTeam "ESP"]
[WhiteClock "0:00:48"]
[BlackClock "0:01:56"]

1. d4 Nf6 2. c4 e6 3. Nf3 c5 4. d5 exd5 5. cxd5 d6 6. Nc3 g6 7. e4 Bg7 8. h3 O-O 9. Bd3 a6 10. a4 Nbd7 11. O-O Nh5 12. Rb1 Ne5 13. Nxe5 Bxe5 14. f4 Bd4+ 15. Kh2 Qh4 16. Qe1 Qxe1 17. Rxe1 Bf2 18. Rf1 Bg3+ 19. Kg1 f5 20. Be3 Bd7 21. b4 c4 22. Be2 Nf6 23. Rf3 Bh4 24. e5 Ne4 25. Nxe4 fxe4 26. Rff1 c3 27. Rbc1 Rac8 28. a5 Ba4 29. Bd4 c2 30. Kh2 Bb3 31. g3 Be7 32. e6 Bxd5 33. Rfe1 Bxe6 34. Bxa6 bxa6 35. Rxe4 Kf7 0-1

[Event "January 9 Early 2024"]
[Site "https://www.chess.com"]
[Date "2024.01.11"]
[Round "2"]
[White "Bindrich, Falko"]
[Black "Foisor, Sabina-Francesca"]
[Result "1-0"]
[Board "27"]
[TimeControl "180+1"]
[WhiteFideId "4676670"]
[BlackFideId "1212915"]
[WhiteElo "2821"]
[BlackElo "2443"]
[WhiteTeam "GER"]
[BlackTeam "USA"]
[WhiteClock "0:02:06"]
[BlackClock "0:00:04"]

1. d4 d5 2. c4 c6 3. e3 Nf6 4. Nc3 a6 5. Nf3 b5 6. b3 g6 7. Be2 Bg7 8. O-O O-O 9. Ne5 Bb7 10. f4 Ne4 11. Nxe4 dxe4 12. Qc2 c5 13. d5 b4 14. Bb2 f6 15. Ng4 e6 16. dxe6 Qe7 17. f5 gxf5 18. Rxf5 Qxe6 19. Rxc5 Nd7 20. Rc7 Rab8 21. Rd1 Rf7 22. c5 f5 23. Bc4 Qe8 24. Rdxd7 1-0

[Event "January 9 Early 2024"]
[Site "https://www.chess.com"]
[Date "2024.01.11"]
[Round "2"]
[White "Albuquerque Junior,Wellington S."]
[Black "Haug, Havard"]
[Result "0-1"]
[Board "28"]
[TimeControl "180+1"]
[WhiteFideId "2151480"]
[BlackFideId "1547887"]
[WhiteElo "2403"]
[BlackElo "2769"]
[WhiteTeam "BRA"]
[BlackTeam "NOR"]
[WhiteClock "0:00:14"]
[BlackClock "0:02:01"]

1. c4 b6 2. Nc3 Bb7 3. e4 e6 4. Nge2 g6 5. d3 Bg7 6. g3 d6 7. Bg2 Ne7 8. O-O O-O 9. Bg5 Nd7 10. Qd2 a5 11. Bh6 f5 12. Bxg7 Kxg7 13. Nf4 Rf6 14. exf5 Bxg2 15. Kxg2 Nxf5 16. d4 e5 17. dxe5 Nxe5 18. b3 Qd7 19. Rae1 Nh4+ 20. Kh1 Nhf3 21. Qd5 Rxf4 22. Rxe5 Qh3 23. Re7+ Kh6 0-1

[Event "January 9 Early 2024"]
[Site "https://www.chess.com"]
[Date "2024.01.11"]
[Round "2"]
[White "Yonal, Timur"]
[Black "Haring, Filip"]
[Result "1-0"]
[Board "29"]
[TimeControl "180+1"]
[WhiteFideId "44115725"]
[BlackFideId "14933080"]
[WhiteElo "2292"]
[BlackElo "2699"]
[WhiteTeam "TUR"]
[BlackTeam "SVK"]
[WhiteClock "0:02:12"]
[BlackClock "0:00:13"]

1. e4 e6 2. d4 d5 3. e5 c5 4. c3 Nc6 5. Nf3 Qb6 6. Na3 cxd4 7. cxd4 Nh6 8. Nc2 Bd7 9. Bxh6 gxh6 10. Bd3 Qxb2 11. O-O Qb6 12. Rb1 Qc7 13. Qd2 O-O-O 14. Rfc1 Kb8 15. a3 Qa5 16. Nb4 Ka8 17. Qb2 Nxb4 18. axb4 Qb6 19. b5 Be7 20. Ra1 Rc8 21. Rd1 Kb8 22. Ra2 Rhg8 23. Rda1 h5 24. Rxa7 Qxa7 25. Rxa7 Kxa7 26. b6+ Kb8 27. Qa1 1-0

[Event "January 9 Early 2024"]
[Site "https://www.chess.com"]
[Date "2024.01.11"]
[Round "2"]
[White "Elissalt Cardenas, Hector"]
[Black "Perske, Thore"]
[Result "0-1"]
[Board "30"]
[TimeControl "180+1"]
[WhiteFideId "3500632"]
[BlackFideId "12902195"]
[WhiteElo "2368"]
[BlackElo "2628"]
[WhiteTeam "ESP"]
[BlackTeam "GER"]
[WhiteClock "0:01:00"]
[BlackClock "0:01:20"]

1. d4 Nf6 2. c4 g6 3. Nc3 Bg7 4. e4 O-O 5. Be2 d6 6. Be3 Na6 7. h4 h5 8. Nh3 Bxh3 9. Rxh3 c5 10. d5 Nc7 11. f3 e6 12. Kf2 e5 13. Qd2 Nh7 14. Bd3 f5 15. Bh6 f4 16. Bxg7 Kxg7 17. Rg1 Rf6 18. a3 a5 19. Bc2 Qe7 20. Ba4 Raf8 21. Rhh1 R6f7 22. Rh3 b6 23. Rhh1 Kh8 24. Ke2 Rg7 25. Nd1 Rfg8 26. Nf2 g5 27. hxg5 Rxg5 28. Kf1 Qg7 29. Nh3 Rg3 30. Bd7 Qxd7 0-1

[Event "January 9 Early 2024"]
[Site "https://www.chess.com"]
[Date "2024.01.11"]
[Round "2"]
[White "Joubert, Dantelle"]
[Black "Musalov, Ruslan"]
[Result "0-1"]
[Board "31"]
[TimeControl "180+1"]
[WhiteFideId "14310813"]
[BlackFideId "4141490"]
[WhiteElo "2060"]
[BlackElo "2440"]
[WhiteTeam "RSA"]
[BlackTeam "RUS"]
[WhiteClock "0:00:14"]
[BlackClock "0:02:08"]

1. d4 Nf6 2. c4 g6 3. Nc3 Bg7 4. e4 d6 5. Nf3 O-O 6. Be2 e5 7. dxe5 dxe5 8. Qxd8 Rxd8 9. Bg5 Nbd7 10. O-O-O Re8 11. Nd5 Nxd5 12. cxd5 Bf8 13. Kb1 a6 14. Rc1 Bd6 15. Nd2 b5 16. a4 bxa4 17. Nc4 Nc5 18. f3 Bd7 19. Nxd6 cxd6 20. Bc4 Bb5 21. Be3 Rec8 22. Ba2 Nd3 23. Rxc8+ Rxc8 24. Rd1 Nb4 25. Rd2 Bd3+ 26. Rxd3 Nxd3 27. Bd2 Rb8 28. Bc3 Nxb2 29. Bxb2 a3 0-1

[Event "January 9 Early 2024"]
[Site "https://www.chess.com"]
[Date "2024.01.11"]
[Round "2"]
[White "Bettalli, Francesco"]
[Black "Sethuraman, S.P."]
[Result "0-1"]
[Board "32"]
[TimeControl "180+1"]
[WhiteFideId "2816453"]
[BlackFideId "5021596"]
[WhiteElo "2582"]
[BlackElo "2885"]
[WhiteTeam "ITA"]
[BlackTeam "IND"]
[WhiteClock "0:01:54"]
[BlackClock "0:00:38"]

1. e4 c5 2. Nc3 Nc6 3. Bb5 Nd4 4. Nf3 e6 5. O-O a6 6. Bd3 Nc6 7. Nd5 d6 8. Ne3 Nf6 9. c3 Be7 10. Bb1 Qb6 11. d4 cxd4 12. cxd4 O-O 13. e5 dxe5 14. dxe5 Nd7 15. Nc4 Qc7 16. Qc2 g6 17. Bh6 Rd8 18. Qc3 Nb6 19. Nd6 Nd5 20. Qc4 Nxe5 21. Nxe5 Bxd6 22. Qxc7 Bxc7 23. Ng4 f5 24. Ne3 Nxe3 25. Bxe3 Bd7 26. Bc2 Bc6 27. Bb3 Bd5 28. Rac1 Be5 29. Bxd5 Rxd5 30. b3 Rad8 31. Bb6 R8d7 32. Rc8+ Kf7 33. g3 Bd4 34. Ba5 Rxa5 35. Rfc1 Rxa2 36. R1c7 0-1

[Event "January 9 Early 2024"]
[Site "https://www.chess.com"]
[Date "2024.01.11"]
[Round "2"]
[White "Tari, Aryan"]
[Black "Herman, Daniel"]
[Result "0-1"]
[Board "33"]
[TimeControl "180+1"]
[WhiteFideId "1510045"]
[BlackFideId "30935008"]
[WhiteElo "2893"]
[BlackElo "2433"]
[WhiteTeam "NOR"]
[BlackTeam "USA"]
[WhiteClock "0:01:48"]
[BlackClock "0:01:01"]

1. b3 e5 2. Bb2 Nc6 3. Nf3 e4 4. Nd4 Nf6 5. e3 Bc5 6. Nf5 d5 7. Nxg7+ Kf8 8. Nh5 d4 9. Nxf6 Qxf6 10. Qh5 Bb6 11. Bb5 Rg8 12. Ba3+ Ke8 13. Qxh7 Rg4 14. h3 Bf5 15. h4 Bxh7 0-1

[Event "January 9 Early 2024"]
[Site "https://www.chess.com"]
[Date "2024.01.11"]
[Round "2"]
[White "Vachier-Lagrave, Maxime"]
[Black "Tasev, Dejan"]
[Result "1-0"]
[Board "34"]
[TimeControl "180+1"]
[WhiteFideId "623539"]
[BlackFideId "936618"]
[WhiteElo "3180"]
[BlackElo "2680"]
[WhiteTeam "FRA"]
[BlackTeam "SRB"]
[WhiteClock "0:01:08"]
[BlackClock "0:01:12"]

1. e4 c6 2. d4 d5 3. e5 Bf5 4. Nf3 e6 5. Be2 Ne7 6. O-O Nd7 7. Nbd2 h6 8. Nb3 g5 9. a4 Bg7 10. a5 O-O 11. c3 Bg6 12. Re1 Qc7 13. h4 g4 14. Nh2 h5 15. Bg5 f6 16. exf6 Nxf6 17. Nc5 Bf7 18. Nf1 b6 19. Nd3 Ng6 20. axb6 axb6 21. Rxa8 Rxa8 22. Ng3 Rf8 23. Bxf6 Bxf6 24. Nxh5 Bxh4 25. Bxg4 c5 26. g3 Bd8 27. Bxe6 cxd4 28. Qg4 Kh7 29. Ndf4 Be8 30. Bf5 Rxf5 31. Qxf5 Bf7 32. Nxg6 Bxg6 33. Nf6+ Kg7 34. Ne8+ Bxe8 35. Rxe8 Bf6 36. Qg4+ 1-0

[Event "January 9 Early 2024"]
[Site "https://www.chess.com"]
[Date "2024.01.11"]
[Round "2"]
[White "Estrada Nieto, Julian"]
[Black "La Villa Rivas, Marlon Javier"]
[Result "1-0"]
[Board "35"]
[TimeControl "180+1"]
[WhiteFideId "5101018"]
[BlackFideId "3519546"]
[WhiteElo "2594"]
[BlackElo "2350"]
[WhiteTeam "ESP"]
[BlackTeam "CUB"]
[WhiteClock "0:01:32"]
[BlackClock "0:01:12"]

1. e4 c5 2. Nf3 d6 3. Bb5+ Nd7 4. d4 cxd4 5. Qxd4 a6 6. Bxd7+ Bxd7 7. Nc3 Nf6 8. Bg5 e6 9. O-O-O Be7 10. e5 Nd5 11. Bxe7 Qxe7 12. Nxd5 exd5 13. exd6 Qxd6 14. Rhe1+ Be6 15. Qxg7 O-O-O 16. Qe5 Qb6 17. Re3 d4 18. Rxd4 Rxd4 19. Nxd4 Rd8 20. Nxe6 fxe6 21. Qxe6+ Qxe6 22. Rxe6 Kd7 23. Rh6 Rh8 24. Kd2 Ke7 25. f4 Kf7 26. Rb6 Rd8+ 27. Ke3 Rd7 28. g4 Re7+ 29. Kf3 Rc7 30. c3 Rd7 31. g5 Kg8 32. h4 Kg7 33. h5 Kf7 34. Kg4 Kg8 35. c4 Kg7 36. c5 Rc7 37. b4 Rd7 38. c6 bxc6 39. Rxc6 Rd4 40. a3 1-0

[Event "January 9 Early 2024"]
[Site "https://www.chess.com"]
[Date "2024.01.11"]
[Round "2"]
[White "Novozhilov, Semen"]
[Black "Szyszylo, Rafal"]
[Result "1-0"]
[Board "36"]
[TimeControl "180+1"]
[WhiteFideId "24289167"]
[BlackFideId "1109626"]
[WhiteElo "2706"]
[BlackElo "2402"]
[WhiteTeam "RUS"]
[BlackTeam "POL"]
[WhiteClock "0:01:45"]
[BlackClock "0:00:27"]

1. d4 d6 2. e4 g6 3. Nc3 Nf6 4. Nf3 Bg7 5. Be3 O-O 6. Qd2 c6 7. O-O-O b5 8. Bd3 a5 9. Bh6 Bxh6 10. Qxh6 Ng4 11. Qd2 b4 12. Na4 e5 13. dxe5 Nxe5 14. Nxe5 dxe5 15. h4 Ba6 16. Nc5 Bxd3 17. Nxd3 Qe7 18. h5 Nd7 19. Qh6 Nf6 20. hxg6 fxg6 21. f3 c5 22. g4 c4 23. g5 Nh5 24. Nf2 Qg7 25. Ng4 Qxh6 26. Nxh6+ Kh8 27. Rd7 Rad8 28. Rxd8 Rxd8 29. Nf7+ 1-0

[Event "January 9 Early 2024"]
[Site "https://www.chess.com"]
[Date "2024.01.11"]
[Round "2"]
[White "Radibratovic, Predrag"]
[Black "Piscicelli, Daniel Orlando"]
[Result "1-0"]
[Board "37"]
[TimeControl "180+1"]
[WhiteFideId "902012"]
[BlackFideId "101958"]
[WhiteElo "2516"]
[BlackElo "2284"]
[WhiteTeam "SRB"]
[BlackTeam "ARG"]
[WhiteClock "0:01:49"]
[BlackClock "0:00:16"]

1. d4 Nf6 2. Bg5 h6 3. Bxf6 exf6 4. e3 d5 5. g3 Be6 6. Bg2 Nd7 7. Ne2 c6 8. Nf4 Qb6 9. b3 Bb4+ 10. c3 Bd6 11. Nxe6 fxe6 12. Qh5+ Ke7 13. Bh3 c5 14. O-O Rae8 15. Nd2 Kd8 16. Rfd1 Kc8 17. c4 cxd4 18. exd4 Qxd4 19. cxd5 Qxd5 20. Qe2 Kb8 21. Nc4 Qc5 22. Rxd6 Qxd6 23. Nxd6 Ne5 24. Nxe8 Rxe8 25. f4 Nc6 26. Bg2 Nd4 27. Qe4 e5 28. Qxb7# 1-0

[Event "January 9 Early 2024"]
[Site "https://www.chess.com"]
[Date "2024.01.11"]
[Round "2"]
[White "Iturrizaga Bonelli, Eduardo"]
[Black "Cordoba Roa, Angel Gabriel"]
[Result "1-0"]
[Board "38"]
[TimeControl "180+1"]
[WhiteFideId "3901211"]
[BlackFideId "3957624"]
[WhiteElo "2987"]
[BlackElo "2637"]
[WhiteTeam "ESP"]
[BlackTeam "COL"]
[WhiteClock "0:00:34"]
[BlackClock "0:01:21"]

1. c4 e6 2. Nf3 d5 3. e3 Nf6 4. Nc3 c5 5. cxd5 exd5 6. d4 Nc6 7. Bb5 Bd6 8. dxc5 Bxc5 9. O-O O-O 10. b3 d4 11. Bxc6 dxc3 12. Bb5 Qb6 13. Bd3 Bg4 14. h3 Bh5 15. a3 a5 16. Qc2 Rac8 17. Ne5 Rfd8 18. Bf5 Rc7 19. Nc4 Qa7 20. a4 Bb4 21. e4 Bg6 22. Be3 Bc5 23. Rad1 Rf8 24. Bxg6 hxg6 25. Qxc3 Nxe4 26. Qe5 Re7 27. Qxe7 1-0

[Event "January 9 Early 2024"]
[Site "https://www.chess.com"]
[Date "2024.01.11"]
[Round "2"]
[White "Zhigalko, Sergei"]
[Black "Onufrienko, Vladislav"]
[Result "1-0"]
[Board "39"]
[TimeControl "180+1"]
[WhiteFideId "13502956"]
[BlackFideId "13804332"]
[WhiteElo "2916"]
[BlackElo "2606"]
[WhiteTeam "BLR"]
[BlackTeam "KGZ"]
[WhiteClock "0:00:06"]
[BlackClock "0:02:01"]

1. e4 Nf6 2. e5 Nd5 3. d4 d6 4. Nf3 dxe5 5. Nxe5 Nd7 6. Nxf7 Kxf7 7. Qh5+ Ke6 8. c4 N5f6 9. d5+ Kd6 10. Qf7 Ne5 11. Bf4 c5 12. Nc3 a6 13. O-O-O g6 14. Bxe5+ Kxe5 15. d6 Bh6+ 16. Kc2 Qe8 17. Rd5+ Nxd5 18. Qxd5+ Kf6 19. Ne4+ Kg7 20. Qe5+ Kg8 21. Nf6+ exf6 22. Qxe8+ Bf8 23. d7 Bxd7 24. Qxa8 Bc6 25. Bd3 Kg7 26. Qb8 Be7 27. Qc7 Re8 28. Re1 Kf7 29. Be4 Bxe4+ 30. Rxe4 f5 31. Re2 1-0

[Event "January 9 Early 2024"]
[Site "https://www.chess.com"]
[Date "2024.01.11"]
[Round "2"]
[White "Fedoseev, Vladimir"]
[Black "Filali, Razzouki Marouane"]
[Result "1-0"]
[Board "40"]
[TimeControl "180+1"]
[WhiteFideId "24130737"]
[BlackFideId "9003720"]
[WhiteElo "3055"]
[BlackElo "2426"]
[WhiteTeam "SLO"]
[BlackTeam "MAR"]
[WhiteClock "0:01:42"]
[BlackClock "0:00:21"]

1. c4 Nf6 2. g3 e6 3. Bg2 d5 4. Nf3 Be7 5. O-O O-O 6. b3 c6 7. Bb2 Nbd7 8. Qc2 Ne4 9. d3 Ng5 10. Nbd2 Nxf3+ 11. Nxf3 Bf6 12. e4 Bxb2 13. Qxb2 Qf6 14. e5 Qe7 15. cxd5 cxd5 16. Rac1 Nb6 17. a4 Qb4 18. Qd4 Qxd4 19. Nxd4 Nd7 20. f4 b6 21. b4 Ba6 22. Rc7 Bc8 23. Nc6 Re8 24. Rc1 Kf8 25. Nxa7 b5 26. Nxc8 bxa4 27. Nd6 Red8 28. Nb7 1-0

[Event "January 9 Early 2024"]
[Site "https://www.chess.com"]
[Date "2024.01.11"]
[Round "2"]
[White "Peiris, T G M"]
[Black "Ferey, Antonin"]
[Result "0-1"]
[Board "41"]
[TimeControl "180+1"]
[WhiteFideId "9901310"]
[BlackFideId "36051454"]
[WhiteElo "2255"]
[BlackElo "2503"]
[WhiteTeam "SRI"]
[BlackTeam "FRA"]
[WhiteClock "0:00:17"]
[BlackClock "0:02:09"]

1. e4 e5 2. Nf3 Nc6 3. Bb5 a6 4. Ba4 Nf6 5. O-O Be7 6. Re1 b5 7. Bb3 O-O 8. h3 Bb7 9. c3 d5 10. exd5 Nxd5 11. d4 exd4 12. cxd4 Bf6 13. Nc3 Nxc3 14. bxc3 Na5 15. Bc2 c5 16. Be3 Nc4 17. Qd3 g6 18. Nd2 cxd4 19. cxd4 Nxd2 20. Qxd2 Qd5 21. f3 Rfe8 22. Rad1 h5 23. Bb3 Qf5 24. Bc2 Qd7 25. Qd3 Bd5 26. Bb3 Rad8 27. Bf2 Rxe1+ 28. Rxe1 Bxb3 29. Qxb3 Bxd4 30. Re4 Bxf2+ 31. Kxf2 Qa7+ 32. Re3 Rd2+ 33. Kf1 Qd4 34. Re8+ Kg7 35. Re4 Rd1+ 36. Ke2 Qd2# 0-1

[Event "January 9 Early 2024"]
[Site "https://www.chess.com"]
[Date "2024.01.11"]
[Round "2"]
[White "Martinez, Shawn"]
[Black "De Sousa, Daniel Aguiar"]
[Result "1-0"]
[Board "42"]
[TimeControl "180+1"]
[WhiteFideId "2039770"]
[BlackFideId "44736797"]
[WhiteElo "2439"]
[BlackElo "2034"]
[WhiteTeam "USA"]
[BlackTeam "BRA"]
[WhiteClock "0:01:16"]
[BlackClock "0:00:46"]

1. e4 c5 2. Nc3 Nc6 3. Bb5 Na5 4. f4 a6 5. Be2 e6 6. Nf3 Nc6 7. d4 cxd4 8. Nxd4 Nxd4 9. Qxd4 Qh4+ 10. g3 Qh3 11. Be3 Nf6 12. O-O-O Be7 13. Rdg1 O-O 14. g4 d5 15. g5 Nxe4 16. Nxe4 dxe4 17. Bg4 Qh4 18. Bf2 Rd8 19. Qxd8+ Bxd8 20. Bxh4 b5 21. Rd1 Bb6 22. Rhe1 Bb7 23. f5 Bd5 24. g6 hxg6 25. fxe6 f5 26. Rxd5 fxg4 27. Rxe4 Rf8 28. e7 1-0

[Event "January 9 Early 2024"]
[Site "https://www.chess.com"]
[Date "2024.01.11"]
[Round "2"]
[White "Zhu, Hengyi"]
[Black "Bregu, Riza"]
[Result "1-0"]
[Board "43"]
[TimeControl "180+1"]
[WhiteFideId "8611211"]
[BlackFideId "4701739"]
[WhiteElo "2747"]
[BlackElo "2383"]
[WhiteTeam "CHN"]
[BlackTeam "ALB"]
[WhiteClock "0:01:20"]
[BlackClock "0:00:58"]

1. e4 e5 2. Nf3 Nf6 3. Nxe5 d6 4. Nf3 Nxe4 5. Nc3 Nxc3 6. dxc3 Be7 7. Be3 O-O 8. Qd2 Be6 9. O-O-O Bxa2 10. b3 a5 11. Kb2 a4 12. Ra1 axb3 13. cxb3 c5 14. Rxa2 Rxa2+ 15. Kxa2 Qa5+ 16. Kb2 Nc6 17. Bc4 Ra8 18. Kc2 Bf6 19. Rc1 d5 20. Bxd5 Rd8 21. c4 Qa2+ 22. Kd1 Qxb3+ 23. Ke2 b5 24. Qc2 Qxc2+ 25. Rxc2 Nb4 26. Rd2 bxc4 27. Bxc4 Rxd2+ 28. Nxd2 Nc6 29. Bxc5 Nd4+ 30. Bxd4 Bxd4 31. Ne4 Kf8 32. Ng5 f6 33. Ne6+ 1-0